 Dungeon Crawl Stone Soup version 0.23-a0-143-g1adec7b (webtiles) character file.

23484 Amnesiac the Destroyer (level 12, -9/91 HPs)
             Began as a Mummy Ice Elementalist on Sept 4, 2018.
             Was a High Priest of Ru.
             Mangled by Donald
             ... wielding a +2 eveningstar of holy wrath
              (21 damage)
             ... on level 1 of the Orcish Mines.
             The game lasted 00:44:04 (14279 turns).

Amnesiac the Destroyer (Mummy Ice Elementalist)    Turns: 14279, Time: 00:44:05

Health: -9/91      AC: 14    Str: 16    XL:     12   Next: 72%
Magic:  0/23       EV: 13    Int: 21    God:    Ru [*****.]
Gold:   808        SH:  3    Dex: 12    Spells: 19/30 levels left

rFire    x . .     SeeInvis .   a - +4 scimitar (flame)
rCold    + . .     Gourm    .   i - +0 buckler
rNeg     + + +     Faith    .   f - +2 robe {Archmagi}
rPois    ∞         Spirit   .   x - +2 helmet {Int+3}
rElec    .         Reflect  .   c - +2 cloak
rCorr    +         Harm     .   v - +2 pair of gloves {Str+3}
MR       +....                  e - +0 pair of boots
Stlth    +.........             p - amulet of the acrobat
HPRegen  0.25/turn              m - ring of resist corrosion
MPRegen  0.18/turn              (no ring)

@: exhausted, about to teleport, very heavily drained
A: no food or potions, fire vulnerability, cold resistance 1, low mp 1, negative
energy resistance 3, torment resistance, unbreathing, inability to use devices,
hated by all, inability to train armour, no air magic, no hexes magic, no
summoning magic
a: Draw Out Power, Power Leap, Apocalypse, Renounce Religion


You were on level 1 of the Orcish Mines.
You worshipped Ru.
Ru was extremely pleased with you.
You were not hungry.

You visited 3 branches of the dungeon, and saw 15 of its levels.
You also visited: Labyrinth.

You collected 808 gold pieces.

Inventory:

Hand Weapons
 a - a +4 scimitar of flaming (weapon)
 s - a +3 dagger of electrocution
 t - the +6 hand crossbow of Obbid {penet, -Tele rF++ Dex+6}
   (You found it on level 10 of the Dungeon)

   Ammo fired by it will pass through the targets it hits, potentially hitting
   all targets in its path until it reaches maximum range.
   It affects your dexterity (+6).
   It greatly protects you from fire.
   It prevents most forms of teleportation.
Armour
 c - a +2 cloak (worn)
 e - a +0 pair of boots (worn)
 f - a +2 robe of the Archmagi (worn)
 i - a +0 buckler (worn)
 l - the -6 pair of boots of Vagiomne {+Blink rElec rC+ Dex-2}
   (You found it on level 8 of the Dungeon)

   It affects your dexterity (-2).
   It protects you from cold.
   It insulates you from electricity.
   It lets you blink.
 v - a +2 pair of gloves of strength (worn)
 x - a +2 helmet of intelligence (worn)
Magical Staves
 o - an uncursed staff of wizardry
Jewellery
 m - a ring of resist corrosion (left hand)
 p - an amulet of the acrobat (around neck)
 r - an uncursed amulet of regeneration
Scrolls
 b - 4 scrolls of identify {!r}
 d - 4 scrolls of magic mapping {!r}
 g - 9 scrolls of remove curse {!r}
 h - 2 scrolls of immolation {!r}
 j - a scroll of noise {!r}
 k - 4 scrolls of teleportation {!r}
 n - 2 scrolls of fear {!r}
 u - a scroll of enchant armour {!r}
 w - a scroll of brand weapon {!r}


   Skills:
 - Level 7.0(3.8) Fighting
 - Level 7.0(3.7) Dodging
 - Level 1.5(0.0) Stealth
 - Level 4.0(1.1) Shields
 + Level 9.8(6.4) Spellcasting
 * Level 10.0(6.5) Conjurations
 * Level 10.0(6.5) Ice Magic


You had 19 spell levels left.
You knew the following spells:

 Your Spells              Type           Power        Failure   Level  Hunger
a - Freeze                Ice            ####         1%          1    N/A
d - Throw Icicle          Conj/Ice       ######..     10%         4    N/A
s - Conjure Flame         Conj/Fire      ####....     11%         3    N/A
z - Ozocubu's Armour      Chrm/Ice       ####....     11%         3    N/A

Your spell library contained the following spells:

 Spells                   Type           Power        Failure   Level  Hunger
 Throw Frost              Conj/Ice       ######       1%          2    N/A
 Flame Tongue             Conj/Fire      ####.        3%          1    N/A
 Throw Flame              Conj/Fire      ####..       5%          2    N/A
 Infusion                 Chrm           ##..         14%         1    N/A
 Shroud of Golubria       Chrm/Tloc      ##........   21%         2    N/A
 Song of Slaying          Chrm           ##......     21%         2    N/A
 Sticky Flame             Conj/Fire      ####....     34%         4    N/A
 Fireball                 Conj/Fire      ####......   69%         5    N/A
 Iron Shot                Conj/Erth      ####......   99%         6    N/A
 Poison Arrow             Conj/Pois      ####......   99%         6    N/A
 Ring of Flames           Chrm/Fire      ##........   100%        7    N/A
 Lehudib's Crystal Spear  Conj/Erth      ####......   100%        8    N/A
 Fire Storm               Conj/Fire      ####......   100%        9    N/A
 Glaciate                 Conj/Ice       ######....   100%        9    N/A
 Corona                   Hex            Unusable     N/A         1    N/A
 Mephitic Cloud           Conj/Pois/Air  Unusable     N/A         3    N/A
 Poisonous Vapours        Pois/Air       Unusable     N/A         2    N/A
 Slow                     Hex            Unusable     N/A         2    N/A
 Ice Form                 Ice/Tmut       Unusable     N/A         4    N/A
 Summon Ice Beast         Ice/Summ       Unusable     N/A         4    N/A
 Inner Flame              Hex/Fire       Unusable     N/A         3    N/A
 Portal Projectile        Hex/Tloc       Unusable     N/A         3    N/A
 Regeneration             Chrm/Necr      Unusable     N/A         3    N/A
 Spectral Weapon          Hex/Chrm       Unusable     N/A         3    N/A
 Cause Fear               Hex            Unusable     N/A         4    N/A
 Leda's Liquefaction      Hex/Erth       Unusable     N/A         4    N/A
 Freezing Cloud           Conj/Ice/Air   Unusable     N/A         6    N/A
 Chain Lightning          Conj/Air       Unusable     N/A         8    N/A

Dungeon Overview and Level Annotations

Branches:
Dungeon (12/15)            Temple (1/1) D:4            Lair (0/6) D:8
    Orc (2/2) D:11
    Elf: Orc:2

Altars:
Ashenzari
Cheibriados
Dithmenos
Elyvilon
Fedhas
Gozag
Hepliaklqana
Kikubaaqudgha
Makhleb
Nemelex Xobeh
Okawaru
Qazlal
Ru
Sif Muna
Trog
Uskayaw
Vehumet
Wu Jian
Xom
Yredelemnul
Zin
The Shining One
Beogh

Shops:
D:8 %

Annotations:
D:7 DEFE's ghost, novice DESu; iamserjio's ghost, novice OpSu
Orc:1 Donald


Innate Abilities, Weirdness & Mutations

You do not eat or drink.
Your flesh is vulnerable to fire.
You are immune to poison.
Your flesh is cold resistant. (rC+)
Your magical capacity is low. (-10% MP)
You are immune to negative energy. (rN+++)
You are immune to unholy pain and torment.
You can survive without breathing.
You cannot study or use magical devices.
You are hated by all.
You cannot train Armour skill.
You cannot study or cast Air magic.
You cannot study or cast Hexes magic.
You cannot study or cast Summoning magic.


Message History

Ru will take longer to evaluate your readiness.
Donald is stunned by your will and fails to attack.
You aren't carrying any items that you can evoke.
Unknown command.
Okay, then.
Donald begins to cast a spell, but is stunned by your will!
Items here: )))) [ † An orc priest comes into view.
It is wielding a club.
Donald falters for a moment.
There is a stone staircase leading up here.
The orc priest invokes the aid of Beogh against you.
Beogh smites you!
Donald says, "I asked for directions to the rune, but they belched at me."
Donald hits you with an eveningstar of holy wrath!
You convulse.
You climb upwards.
There is a stone staircase leading down here.
Donald says, "What do they mine anyway?
I've never seen them mine anything."
Donald falters for a moment.
Donald falters for a moment.
Donald says, "I hope I haven't come all this way for a glorified paperweight."
You redirect Donald's attack!
Donald says, "Orcs complain a lot, don't they?
I hate it."
Donald falters for a moment.
Donald says, "At least there's gold.
That doesn't make up for it."
Donald begins to cast a spell, but is stunned by your will!
There is a staircase back to the Dungeon here.
You redirect Donald's attack!
You climb upwards.
Welcome back to the Dungeon!
There is a staircase to the Orcish Mines here.
You start resting.
You feel less exhausted.
You climb downwards.
Welcome back to the Orcish Mines!
Level annotation: Donald Donald hits you with an eveningstar of holy wrath!
* * * LOW HITPOINT WARNING * * *
You convulse!
* * * LOW HITPOINT WARNING * * *
There is a staircase back to the Dungeon here.
Donald says, "Missing something?"
Donald casts a spell.
Donald seems to speed up.
Donald casts a spell.
Donald seems to grow stronger.
You reveal the great annihilating truth to your foes!
Donald doubts his magic when faced with ultimate truth!
You feel drained.
You aren't carrying any items that you can evoke.
Unknown command.
Really read
k - 5 scrolls of teleportation {!r}?
You cannot teleport because you are wielding the +6 hand crossbow of Obbid Unknown command.
Wield which item (- for none, * to show all)? (? for menu, Esc to quit)
Your +4 scimitar of flaming bursts into flame!
a - a +4 scimitar of flaming (weapon)
Donald hits you with an eveningstar of holy wrath!
* * * LOW HITPOINT WARNING * * *
You convulse.
* * * LOW HITPOINT WARNING * * *
Really read
k - 5 scrolls of teleportation {!r}?
As you read the scroll of teleportation {!r}, it crumbles to dust.
You feel strangely unstable.
Donald hits you with an eveningstar of holy wrath!!
You die...

### #.## ###..# ###
###<...###.##
#...@@......#
#####......#.##
##.#...........#
##..#....#......#
##..............#####
#.........#.#.....#.##
##.........##........#
###......#.....#.#.##
#..#.........#####


You could see Donald.

Vanquished Creatures
  A minotaur (Lab)
  An ettin (Orc:2)
  A death knight (D:12)
  The ghost of Nr616 the Severer, a novice MiBe of Trog (D:9)
  A centaur warrior (D:11)
  3 two-headed ogres (D:12)
  3 orc high priests (Orc:2)
  The ghost of biddum the Spear-Bearer, a novice MfFi of Okawaru (D:8)
  An unseen horror (D:10)
  2 ugly things (D:11)
  An orc sorcerer (Orc:2)
  A centaur zombie (D:10)
  2 centaur skeletons
  Joseph (D:7)
  An efreet (D:10)
  A komodo dragon (D:8)
  3 freezing wraiths (D:12)
  A meliai (D:11)
  2 trolls
  3 slime creatures (D:12)
  3 hippogriffs
  A wyvern (D:11)
  14 yaks
  4 hungry ghosts (Lab)
  The ghost of Pawles22 the Digger, an amateur DrEE of Ru (D:4)
  Menkaure (D:5)
  An acid dragon (D:11)
  Duvessa (D:4)
  2 sky beasts
  17 orc warriors
  An eye of draining (D:12)
  5 ice beasts
  A black bear (D:9)
  3 phantoms
  6 ogres
  6 centaurs
  A big kobold (D:12)
  5 bullfrogs
  Dowan (D:4)
  2 wyvern skeletons
  2 scorpions
  3 water moccasin skeletons
  2 killer bees (D:11)
  5 wights (D:9)
  3 howler monkeys
  4 crimson imps
  7 hounds
  A bullfrog zombie (D:12)
  A jelly (D:11)
  2 bullfrog skeletons
  16 orc priests
  20 orc wizards
  4 iguanas
  6 worker ants
  2 hound skeletons
  2 worker ant zombies
  A howler monkey skeleton (D:4)
  A howler monkey zombie (D:8)
  10 gnolls
  11 adders
  4 shadow imps
  An ooze (D:5)
  2 adder zombies (D:4)
  2 worms
  2 dart slugs
  5 leopard geckos
  68 orcs
  4 giant cockroaches
  9 goblins
  9 hobgoblins
  11 jackals
  12 kobolds
  7 quokkas
  15 bats
  13 frilled lizards
  A leopard gecko skeleton (D:4)
  9 rats
384 creatures vanquished.

Vanquished Creatures (collateral kills)
  An orc warrior (D:9)
  An orc (D:9)
2 creatures vanquished.

Vanquished Creatures (others)
  A centaur (D:10)
  A killer bee (D:11)
  A plant (D:8)
  A withered plant (D:7)
4 creatures vanquished.

Grand Total: 390 creatures vanquished

Notes
Turn   | Place    | Note
-------+----------+-------------------------------------------
     0 | D:1      | Amnesiac the Mummy Ice Elementalist began the quest for the
                  | Orb.
     0 | D:1      | Reached XP level 1. HP: 13/13 MP: 4/4
   182 | D:1      | Reached XP level 2. HP: 19/19 MP: 2/5
   357 | D:2      | Found a basalt altar of Yredelemnul.
   574 | D:3      | Reached XP level 3. HP: 17/24 MP: 1/7
   609 | D:3      | Learned a level 3 spell: Ozocubu's Armour
   877 | D:4      | Found a roughly hewn altar of Beogh.
   946 | D:4      | Found a staircase to the Ecumenical Temple.
   959 | Temple   | Entered the Ecumenical Temple
   986 | Temple   | Became a worshipper of Ru the Awakened
  1431 | D:1      | Reached XP level 4. HP: 30/30 MP: 5/9
  1857 | D:2      | Found a sparkling altar of Nemelex Xobeh.
  2016 | D:2      | Learned a level 4 spell: Summon Ice Beast
  2157 | D:2      | Gained mutation: Your magical capacity is low. (-10% MP)
                  | [Ru sacrifice]
  2444 | D:3      | Reached XP level 5. HP: 31/35 MP: 5/10
  2802 | D:3      | Reached skill level 1 in Shields
  3084 | D:4      | Found a transporter.
  3084 | D:4      | Noticed Pawles22's ghost (amateur DrEE)
  3087 | D:4      | Noticed Dowan
  3340 | D:4      | Learned a level 4 spell: Throw Icicle
  3360 | D:4      | Found a transporter.
  3376 | D:4      | Noticed a phantom
  3388 | D:4      | Reached XP level 6. HP: 38/41 MP: 6/11
  3458 | D:4      | Reached skill level 5 in Ice Magic
  3581 | D:4      | Noticed Duvessa
  3596 | D:4      | Killed Duvessa
  3596 | D:4      | Reached skill level 5 in Spellcasting
  3600 | D:5      | Entered Level 5 of the Dungeon
  3664 | D:4      | Killed Dowan
  3664 | D:4      | Reached XP level 7. HP: 31/46 MP: 5/13
  3887 | D:4      | Killed Pawles22's ghost
  4118 | D:5      | Reached XP level 8. HP: 49/52 MP: 2/15
  4274 | D:5      | Noticed Menkaure
  4287 | D:5      | Killed Menkaure
  4738 | D:5      | Reached skill level 1 in Conjurations
  5033 | D:5      | Found a white marble altar of Elyvilon.
  5155 | D:6      | Gained mutation: You cannot train Armour skill. [Ru
                  | sacrifice]
  5155 | D:6      | Reached * piety under Ru
  5155 | D:6      | Reached ** piety under Ru
  5488 | D:6      | Found a blossoming altar of Fedhas.
  5618 | D:7      | Found a runed gate.
  5619 | D:7      | Found a runed gate.
  5653 | D:7      | Reached XP level 9. HP: 57/57 MP: 12/17
  6028 | D:7      | Found a runed gate.
  6029 | D:7      | Noticed DEFE's ghost (novice DESu)
  6030 | D:7      | Noticed biddum's ghost (novice MfFi)
  6030 | D:7      | Noticed iamserjio's ghost (novice OpSu)
  6054 | D:7      | Reached skill level 5 in Conjurations
  6132 | D:7      | Found a glowing golden altar of the Shining One.
  6133 | D:7      | Noticed Joseph
  6165 | D:7      | Killed Joseph
  6457 | D:8      | Killed biddum's ghost
  6706 | D:8      | Found an opulent altar of Gozag.
  6722 | D:8      | Got a pair of crude boots
  6743 | D:8      | Identified the cursed -6 pair of boots of Vagiomne {+Blink
                  | rElec rC+ Dex-2} (You found it on level 8 of the Dungeon)
  6749 | D:8      | Found a staircase to the Lair.
  6753 | D:8      | Noticed a komodo dragon
  6768 | D:8      | Killed a komodo dragon
  6768 | D:8      | Reached skill level 5 in Dodging
  6949 | D:8      | Found Boud Hann's Food Boutique.
  6964 | D:8      | Found a shadowy altar of Dithmenos.
  6970 | D:8      | Gained mutation: You cannot study or use magical devices.
                  | [Ru sacrifice]
  6970 | D:8      | Reached *** piety under Ru
  6970 | D:8      | Reached **** piety under Ru
  7139 | D:9      | Reached XP level 10. HP: 62/63 MP: 12/18
  7264 | D:9      | Found a runed gate.
  7264 | D:9      | Found a runed gate.
  7264 | D:9      | Found a runed gate.
  7264 | D:9      | Noticed Nr616's ghost (novice MiBe)
  7388 | D:9      | Reached skill level 1 in Fighting
  7573 | D:9      | Found a roughly hewn altar of Beogh.
  7915 | D:9      | Reached skill level 5 in Fighting
  7920 | D:9      | Found a radiant altar of Vehumet.
  8238 | D:9      | Killed Nr616's ghost
  8350 | D:10     | Entered Level 10 of the Dungeon
  8623 | D:10     | Learned a level 3 spell: Mephitic Cloud
  8627 | D:10     | Learned a level 3 spell: Conjure Flame
  8792 | D:10     | Killed an unseen horror
  8792 | D:10     | Reached XP level 11. HP: 52/84 MP: 3/19
  8854 | D:10     | Gained mutation: You cannot study or cast Air magic. [Ru
                  | sacrifice]
  8854 | D:10     | Gained mutation: You cannot study or cast Hexes magic. [Ru
                  | sacrifice]
  8854 | D:10     | Gained mutation: You cannot study or cast Summoning magic.
                  | [Ru sacrifice]
  8854 | D:10     | Reached ***** piety under Ru
  9140 | D:10     | Got a brightly glowing hand crossbow
  9141 | D:10     | Identified the +6 hand crossbow of Obbid {penet, -Tele rF++
                  | Dex+6} (You found it on level 10 of the Dungeon)
  9552 | D:11     | Noticed a cyan ugly thing
  9564 | D:11     | Killed a cyan ugly thing
  9893 | D:11     | Noticed a centaur warrior
  9914 | D:11     | Killed a centaur warrior
 10288 | D:11     | Found a burning altar of Makhleb.
 10289 | D:11     | Identified Suvuent's Catalogue of Congealing Stones
 10318 | D:11     | Got a translucent great sword
 10381 | D:11     | Found a staircase to the Orcish Mines.
 10433 | D:11     | Noticed a brown ugly thing
 10540 | D:11     | Killed a brown ugly thing
 11168 | D:12     | Noticed a two-headed ogre
 11175 | D:12     | Killed a two-headed ogre
 11211 | D:12     | Noticed a death knight
 11254 | D:12     | Gained mutation: You are hated by all. [Ru sacrifice]
 11303 | D:12     | Killed a death knight
 11303 | D:12     | Reached XP level 12. HP: 91/91 MP: 0/22
 11309 | D:12     | Identified the cursed +1 great sword of Midwinter {venom,
                  | *Drain +Inv MR+ Dex+4} (You found it on level 11 of the
                  | Dungeon)
 11323 | D:12     | Found a labyrinth entrance.
 11332 | Lab      | Entered a labyrinth
 11571 | Lab      | Noticed a minotaur
 11576 | Lab      | Killed a minotaur
 11810 | D:12     | Noticed a two-headed ogre
 11815 | D:12     | Killed a two-headed ogre
 11849 | D:12     | Noticed a two-headed ogre
 11872 | D:12     | Killed a two-headed ogre
 12100 | D:12     | Got an encrusted war axe
 12242 | D:12     | Identified the +6 war axe of Sunlight {flame, MR++} (You
                  | found it on level 12 of the Dungeon)
 12583 | Orc:1    | Entered Level 1 of the Orcish Mines
 12628 | Orc:2    | Entered Level 2 of the Orcish Mines
 12978 | Orc:2    | Noticed an ettin
 12983 | Orc:2    | Killed an ettin
 13071 | Orc:2    | Noticed an orc high priest
 13075 | Orc:2    | Killed an orc high priest
 13466 | Orc:2    | Noticed an orc high priest
 13592 | Orc:2    | Killed an orc high priest
 13692 | Orc:2    | Noticed an orc high priest
 13902 | Orc:2    | Killed an orc high priest
 14165 | Orc:2    | Noticed Donald
 14234 | Orc:2    | Reached skill level 10 in Conjurations
 14234 | Orc:2    | Reached skill level 10 in Ice Magic
 14279 | Orc:1    | Mangled by Donald

Vault maps used:
D:1:      mainiacjoe_arrival_reflecting_pool
D:2:      old_standard_altar, nemelex_xobeh_ov_fountains_minmay
D:4:      minmay_temple_entry_purple_smoke, gammafunk_ghost_mausoleum,
          hangedman_decor_opposing, kennysheep_orc_chapel, uniq_duvessa
D:5:      lemuel_upstairs_altar, first_ration, uniq_menkaure
D:6:      kennysheep_mini
D:7:      lemuel_round_altar, gammafunk_ghost_cemetery, uniq_joseph
D:8:      nicolae_dithmenos_the_darkroom, david_lair_shrubbed, basic_altar,
          serial_shops, nicolae_shop_stone
D:9:      vehumet_crystals, ebering_ghost_rock_garden
D:11:     minmay_the_grid_triangle_9x9_recursive_2_mashed, orc_0_dummy
D:12:     lab_entry_generic
Temple:   lightli_temple_of_artemis
Orc:2:    st_orc_mages, uniq_donald
Lab:      labyrinth_skeletal_remains, nicolae_lab_dead_end

Skill      XL: |  1  2  3  4  5  6  7  8  9 10 11 12 |
---------------+-------------------------------------+-----
Ice Magic      | 3 4 5 6 7 8 10 | 10.0
Spellcasting   | 3 4 5 6 7 8 9 |  9.8
Shields        | 1 2 3 4 |  4.0
Conjurations   | 4 6 7 8 10 | 10.0
Dodging        | 2 5 6 7 |  7.0
Fighting       | 7 |  7.0
Stealth        | |  1.5

Action                   |  1- 3 |  4- 6 |  7- 9 | 10-12 || total
-------------------------+-------+-------+-------+-------++-------
Melee: Unarmed           |     3 |       |       |       ||     3
       Dagger            |     6 |    53 |   190 |   138 ||   387
       Scimitar          |       |       |       |   128 ||   128
 Cast: Freeze            |    57 |   100 |   175 |   192 ||   524
       Ozocubu's Armour  |     1 |     4 |     8 |     7 ||    20
       Throw Icicle      |       |       |     6 |   157 ||   163
       Summon Ice Beast  |       |       |     1 |     3 ||     4
Invok: Sacrifice Essence |       |     1 |       |       ||     1
       Sacrifice Durabil |       |       |     1 |       ||     1
       Sacrifice Artific |       |       |     1 |       ||     1
       Draw Out Power    |       |       |       |     5 ||     5
       Power Leap        |       |       |       |     2 ||     2
       Apocalypse        |       |       |       |     5 ||     5
       Sacrifice Love    |       |       |       |     1 ||     1
       Sacrifice Arcana  |       |       |       |     1 ||     1
       Reject Sacrifices |       |       |       |     1 ||     1
Evoke: Wand              |       |       |     1 |       ||     1
  Use: Scroll            |     1 |     7 |     7 |     7 ||    22
 Stab: Sleeping          |       |     1 |     1 |       ||     2
       Distracted        |       |       |       |     2 ||     2
       Paralysed         |       |       |       |     7 ||     7
Armor: Robe              |     5 |    28 |    96 |   120 ||   249
Dodge: Dodged            |    36 |    68 |   141 |   289 ||   534
Block: Buckler           |       |     9 |    70 |    91 ||   170
       Rpst.: Scimitar   |       |       |       |    48 ||    48

Table legend:
 A = Non-vault XP
 B = Vault XP
 C = Vault XP percentage of total XP
 D = Non-vault monster count
 E = Vault monster count
 F = Vault count percentage of total count
                 A         B        C        D         E       F
            +---------+---------+-------+---------+---------+-------
      Total |   22449 |   11100 |  33.1 |     305 |      82 |  21.2
            +---------+---------+-------+---------+---------+-------
        D:1 |      53 |       0 |   0.0 |      32 |       0 |   0.0
        D:2 |      80 |       0 |   0.0 |      22 |       0 |   0.0
        D:3 |     140 |       0 |   0.0 |      27 |       0 |   0.0
        D:4 |     356 |     515 |  59.1 |      20 |       9 |  31.0
        D:5 |     948 |     172 |  15.4 |      20 |       1 |   4.8
        D:6 |     410 |       0 |   0.0 |      12 |       0 |   0.0
        D:7 |     906 |     407 |  31.0 |      25 |       1 |   3.8
        D:8 |     416 |    1038 |  71.4 |       6 |       2 |  25.0
        D:9 |    2318 |    1635 |  41.4 |      23 |      26 |  53.1
       D:10 |    3396 |       0 |   0.0 |      28 |       0 |   0.0
       D:11 |    3085 |    2702 |  46.7 |      28 |      14 |  33.3
       D:12 |    6271 |       0 |   0.0 |      25 |       0 |   0.0
      Orc:1 |     501 |     211 |  29.6 |       9 |       3 |  25.0
      Orc:2 |    2407 |    3688 |  60.5 |      27 |      22 |  44.9
        Lab |    1162 |     732 |  38.6 |       1 |       4 |  80.0
            +---------+---------+-------+---------+---------+-------
